[Event "27th OIBM 2024"]
[Site "Gmund am Tegernsee"]
[Date "2024.10.26"]
[Round "1.47"]
[White "Luetzen, Matthias"]
[Black "Guth, Thomas"]
[Result "0-1"]
[ECO "A30"]
[WhiteElo "2040"]
[BlackElo "2261"]
[Annotator "RC"]
[PlyCount "104"]
[EventDate "2024.09.16"]
[EventType "swiss"]
[EventCountry "GER"]
[SourceTitle "playchess.com"]
[Source "ChessBase"]
[SourceQuality "1"]
[TimeControl "40/5400+30:1800+30"]

1. Nf3 e6 2. c4 c5 3. g3 b6 4. Bg2 Bb7 5. O-O d6 6. Nc3 Nd7 7. e4 a6 8. d4 cxd4 9. Nxd4 Qc7 10. Be3 Ngf6 11. f4 Be7 12. Bf2 Rc8 13. g4 h5 14. h3 hxg4 15. hxg4 d5 16. e5 dxc4 17. Bg3 Bxg2 18. Kxg2 Qb7+ 19. Qf3 Qxf3+ 20. Kxf3 Nd5 21. Nxd5 exd5 22. Rh1 Rg8 23. e6 Nc5 24. exf7+ Kxf7 25. Rh5 Rgd8 26. Nf5 Bf8 27. Bh4 g6 28. Rh7+ Kg8 29. Bxd8 Kxh7 30. Rh1+ Kg8 31. Ne7+ Bxe7 32. Bxe7 Ne4 33. Rd1 c3 34. bxc3 Rxc3+ 35. Kg2 Kf7 36. Bd8 Ke6 37. f5+ Ke5 38. fxg6 Rg3+ 39. Kf1 Rxg4 40. Bxb6 Rxg6 41. Bd4+ Kf4 42. a4 Ng3+ 43. Kf2 Nf5 44. Ba7 Ke5 45. Bb8+ Ke4 46. Re1+ Kd4 47. Be5+ Kc4 48. Rc1+ Kb4 49. a5 Re6 50. Bc3+ Kb3 51. Bd2 d4 52. Rb1+ Kc2 0-1

[Event "27th OIBM 2024"]
[Site "Gmund am Tegernsee"]
[Date "2024.10.26"]
[Round "1.48"]
[White "Weihrauch, Jakob"]
[Black "Beckers, Thomas"]
[Result "1-0"]
[ECO "B90"]
[WhiteElo "2260"]
[BlackElo "2032"]
[Annotator "RC"]
[PlyCount "65"]
[EventDate "2024.09.16"]
[EventType "swiss"]
[EventCountry "GER"]
[SourceTitle "playchess.com"]
[Source "ChessBase"]
[SourceQuality "1"]
[TimeControl "40/5400+30:1800+30"]

1. e4 c5 2. Nf3 d6 3. d4 cxd4 4. Nxd4 Nf6 5. Nc3 a6 6. h3 e5 7. Nf3 Qc7 8. g4 h6 9. a4 Be6 10. Be3 Nc6 11. g5 hxg5 12. Nxg5 Nb4 13. Bg2 d5 14. exd5 Rd8 15. Nxe6 fxe6 16. d6 Rxd6 17. Qe2 Nfd5 18. O-O Nxc3 19. bxc3 Nd5 20. c4 Nc3 21. Qg4 Rc6 22. Bxc6+ Qxc6 23. Qg6+ Kd7 24. Qd3+ Kc8 25. Qxc3 Qf3 26. Bd2 Qf5 27. Qg3 Rxh3 28. Qg5 Qf3 29. Qg2 Qh5 30. Rfb1 Rh4 31. Qxb7+ Kd8 32. Qb8+ Ke7 33. Rb7+ 1-0

[Event "27th OIBM 2024"]
[Site "Gmund am Tegernsee"]
[Date "2024.10.27"]
[Round "2.1"]
[White "Kollars, Dmitrij"]
[Black "Radnaev, Nomin"]
[Result "1-0"]
[ECO "B90"]
[WhiteElo "2647"]
[BlackElo "2209"]
[Annotator "TA"]
[PlyCount "78"]
[EventDate "2024.09.16"]
[EventType "swiss"]
[EventCountry "GER"]
[SourceTitle "playchess.com"]
[Source "ChessBase"]
[SourceQuality "1"]
[TimeControl "40/5400+30:1800+30"]

1. e4 c5 2. Nf3 d6 3. d4 cxd4 4. Nxd4 Nf6 5. Nc3 a6 6. Bd3 e5 7. Nde2 Be7 8. O-O O-O 9. Ng3 Be6 {[%emt 0:02:25] [#]} 10. Nd5 $1 Bxd5 11. exd5 {[%emt 0:00:04] The position is equal.} g6 {[%emt 0:00:46] Prevents Nf5.} 12. c4 $1 Nbd7 13. Bh6 Re8 14. Rc1 a5 15. h3 Qc7 16. b3 Bf8 17. Be3 Bg7 18. Qd2 ({White should play} 18. Ne2 $16) 18... b6 19. Bc2 Rf8 (19... Nc5 $14) 20. Ne2 $16 Nc5 21. Nc3 {[%emt 0:01:07] Dodges Nfe4} Nh5 22. a3 (22. Nb5 $16 Qd7 23. g4) 22... f5 $14 23. b4 axb4 24. axb4 Nd7 ({Don't play} 24... f4 25. Bxc5 bxc5 26. Ne4 $16) (24... Na6 $14 25. Nb5 Qxc4 26. Nxd6 Qxb4 27. Qxb4 Nxb4) 25. Nb5 $16 {[%emt 0:00:30] White leaves nothing to chance now.} Qb8 26. Bg5 {[%emt 0:00:00] White has more active pieces.} Nhf6 27. Ra1 Rxa1 (27... Ne8 $16 28. Rxa8 Qxa8) 28. Rxa1 $18 Rc8 29. Qe2 h6 30. Be3 Re8 31. Ra7 e4 (31... Bf8 $142 32. Bd1 h5) 32. Bb3 g5 33. Qa2 f4 34. Bd4 e3 {[%emt 0:04:51] Black is weak on the light squares} 35. fxe3 fxe3 {[%emt 0:02:28] [#] And now ...e2 would win.} 36. Bd1 Nf8 37. Be2 {[%emt 0:00:00] A strong pair of Bishops. White is clearly winning.} Bh8 (37... N6d7 $142 38. Bxg7 Kxg7 39. Qa1+ Kg8) 38. c5 bxc5 39. bxc5 Ng6 {[%emt 0:02:56] Weighted Error Value: White=0.09 (flawless) /Black=0.29 (precise) .  Mistake:       	White=2     	Black=5      Inaccurate:     	White=2     	Black=4      OK:         	White=14    	Black=6      Best:        	White=3     	Black=1      Strong:       	White=1     	---} 1-0

[Event "27th OIBM 2024"]
[Site "Gmund am Tegernsee"]
[Date "2024.10.27"]
[Round "2.2"]
[White "Papadopoulos, Ioannis K."]
[Black "Safarli, Eltaj"]
[Result "0-1"]
[ECO "B32"]
[WhiteElo "2382"]
[BlackElo "2596"]
[Annotator "TA"]
[PlyCount "84"]
[EventDate "2024.09.16"]
[EventType "swiss"]
[EventCountry "GER"]
[SourceTitle "playchess.com"]
[Source "ChessBase"]
[SourceQuality "1"]
[TimeControl "40/5400+30:1800+30"]

1. e4 c5 2. Nf3 Nc6 3. d4 cxd4 4. Nxd4 e5 5. Nb5 d6 6. N1c3 a6 7. Na3 Be6 8. Nc4 Rb8 9. Nd5 Bxd5 10. exd5 (10. Qxd5 Nd4 11. Ne3 Nf6 $15) 10... Nce7 {[%emt 0:00:17] The position is equal.} 11. g4 Nf6 12. g5 Nfxd5 13. Bg2 b5 $1 14. Bxd5 Nxd5 15. Qxd5 bxc4 16. Qxc4 Be7 17. Qc6+ Qd7 18. Qxd7+ Kxd7 19. b3 h6 20. gxh6 g5 ({Much less strong is} 20... gxh6 21. c4 $15) 21. c4 Rxh6 22. Kf1 Rbh8 23. Kg2 Rh4 24. Bb2 {[%emt 0:07:08][%cal Oc4c5] [#]} Rg4+ (24... g4 $1 $17 25. c5 f5 (25... dxc5 26. Bxe5 Rd8 27. Rad1+ Kc6 28. Rxd8 $14)) 25. Kf3 $15 f5 26. h3 Rf4+ 27. Kg2 g4 28. hxg4 Bh4 29. Raf1 Rxg4+ 30. Kf3 Rhg8 $36 {[%emt 0:00:30][%mdl 2048] Black has some pressure.} 31. Bc1 {[%emt 0:02:28] [#] Dodges Rf4+} (31. Rh2 $11) 31... Kc6 {[%emt 0:04:28] Black is more active.} (31... d5 $1 $17 32. cxd5 Rc8) 32. Rh3 e4+ 33. Ke2 f4 34. Rfh1 Bf6 ({But not} 34... f3+ 35. Kf1 Bg5 36. Bxg5 R4xg5 37. Ke1) 35. Rh6 $2 {[%emt 0:01:30][%mdl 8192] This move loses the game for White.} (35. Kf1 $1 $15) 35... Bd4 {[%emt 0:01:39] White must now prevent ...f3+.} 36. Re6 $2 (36. Kf1 Rg2 37. R6h2) 36... f3+ $19 37. Kf1 Kd7 38. Reh6 Rg2 39. Ba3 Rxf2+ 40. Ke1 Re2+ 41. Kd1 Be5 42. c5 Rxa2 {[%emt 0:01:50] Weighted Error Value: White=0.86/Black=0.11 (very precise) .  Loses game:     	White=1     	---        Mistake:       	White=2     	Black=2      Inaccurate:     	White=3     	Black=1      OK:         	White=7     	Black=15     Best:        	White=2     	Black=2      Strong:       	---       	Black=1} 0-1

[Event "27th OIBM 2024"]
[Site "Gmund am Tegernsee"]
[Date "2024.10.27"]
[Round "2.3"]
[White "Karthik Venkataraman"]
[Black "Bach, Matthias"]
[Result "1-0"]
[ECO "A65"]
[WhiteElo "2581"]
[BlackElo "2205"]
[Annotator "TA"]
[PlyCount "84"]
[EventDate "2024.09.16"]
[EventType "swiss"]
[EventCountry "GER"]
[SourceTitle "playchess.com"]
[Source "ChessBase"]
[SourceQuality "1"]
[TimeControl "40/5400+30:1800+30"]

1. d4 Nf6 2. c4 c5 3. d5 e6 4. Nc3 exd5 5. cxd5 d6 6. e4 g6 7. Bd3 Bg7 8. h3 O-O 9. Nge2 Re8 10. O-O c4 11. Bc2 b5 12. Nxb5 Nxe4 {[%emt 0:00:15] White is slightly better.} 13. Bxe4 Rxe4 14. Nec3 Re8 15. Bf4 Be5 (15... Bf8 $16) 16. Bxe5 $18 Rxe5 17. Qd4 $1 {[%emt 0:02:22][%csl LRa7,LRc4][%cal Oa1e1] Rae1! is the strong threat.} Ba6 18. f4 (18. Qxc4 $6 Bxb5 19. Qxb5 (19. Nxb5 Nd7 $16) 19... Nd7 $16) (18. Nxa7 $18 {Black must now prevent f4.} Qc7 19. f4) 18... Re8 (18... Re7 $16 {is a better defense.}) 19. Rae1 (19. Qxc4 $6 Bxb5 20. Qxb5 (20. Nxb5 Nd7 $16) 20... Nd7 $14) ({White should play} 19. Nxa7 $18 {And now Nc6 would win.} Nd7 (19... Qd7 20. Nc6 $14) 20. Nc6) 19... Bxb5 20. Nxb5 Rxe1 21. Rxe1 {[%emt 0:00:03][%cal Ob5d6] Strongly threatening Nxd6!} Na6 22. Nxa7 {[%emt 0:07:57][%cal Oa7c6] aiming for Nc6! White is much more active.} (22. Qxc4 Rc8 23. Qd4 Qa5 $16) 22... Qa5 23. Re7 (23. Rc1 $16 {Nc6 would now be deadly.} Qc5 24. Qxc5 (24. Rxc4 $2 Qxd4+ 25. Rxd4 Rxa7 $17) 24... Nxc5 25. Nb5) 23... Qc5 (23... Nb4 $1 $11) 24. Qxc5 $1 $16 Nxc5 {[%emt 0:00:08][%mdl 4096] Endgame. KRN-KRN} 25. Nb5 Rxa2 (25... Ra6 $16 {was necessary.}) 26. Nxd6 $18 Rxb2 27. Rc7 $1 (27. Nxf7 Rb1+ 28. Kf2 c3 29. Nh6+ Kf8 $11) (27. Nxc4 $6 Rb1+ 28. Kh2 Rd1 $14) 27... Nd3 28. Rxc4 ({And not} 28. Nxc4 Rb1+ 29. Kh2 Nxf4 $11) (28. Rc8+ $1 $18 Kg7 29. Ne8+ (29. Rxc4 Ne1 $11) (29. Nxc4 Rb1+ 30. Kh2 Nxf4 $11) 29... Kh6 30. d6 (30. Rxc4 Rb8 $16) 30... Nxf4 31. d7 (31. Rxc4 g5 $11)) 28... h5 (28... f5 $14) 29. Rc8+ Kh7 30. Rc7 (30. Nxf7 $18 Nxf4 31. d6 Rxg2+ 32. Kh1) 30... h4 $2 (30... Kg8 $16 {prevents the worst.}) 31. Rxf7+ $2 (31. Nxf7 $18 Nxf4 32. d6 Rxg2+ 33. Kf1) 31... Kg8 $16 32. Rb7 ({Better is} 32. Rf6 $16 Rb1+ 33. Kh2) 32... Rxb7 $14 33. Nxb7 {[%emt 0:00:01] KN-KN} Kf8 $2 {[%emt 0:00:12] [#]} (33... Kf7 $1 $14) 34. f5 $1 $18 gxf5 35. Nd6 f4 {[%emt 0:01:22] [#]} 36. Nf5 Kf7 $2 (36... f3 37. gxf3 (37. Nxh4 fxg2 38. Nxg2 Ke7 $11) 37... Nf4) 37. Nxh4 {[%emt 0:00:30] White is clearly winning.} Kf6 {[%emt 0:00:16] [#]} 38. Kf1 $1 ({Not} 38. Nf3 Nb4 $14) 38... Ke5 39. Ke2 Nb4 {[%emt 0:01:30] [#]} 40. d6 $1 Kxd6 41. Ng6 Nc6 42. Kf3 Kd5 {[%emt 0:01:13] Weighted Error Value: White=0.50/Black=0.64.  Loses game:     	---       	Black=2      Missed win:     	White=1     	---        Mistake:       	White=6     	Black=6      OK:         	White=7     	Black=8      Best:        	White=4     	Black=3      Strong:       	White=2     	---        Brilliant:      	White=1     	---} 1-0

[Event "27th OIBM 2024"]
[Site "Gmund am Tegernsee"]
[Date "2024.10.27"]
[Round "2.4"]
[White "Koehler, Christian Friedrich"]
[Black "Piorun, Kacper"]
[Result "0-1"]
[ECO "C02"]
[WhiteElo "2187"]
[BlackElo "2581"]
[Annotator "TA"]
[PlyCount "62"]
[EventDate "2024.09.16"]
[EventType "swiss"]
[EventCountry "GER"]
[SourceTitle "playchess.com"]
[Source "ChessBase"]
[SourceQuality "1"]
[TimeControl "40/5400+30:1800+30"]

1. e4 e6 2. d4 d5 3. e5 a6 4. Nf3 Bd7 5. c4 dxc4 6. Bxc4 Ne7 7. Nc3 Bc6 8. O-O {[%emt 0:00:38] White is slightly better.} h6 {[%emt 0:00:20] Inhibits Ng5.} 9. Qe2 (9. Be3 $14) 9... Nd7 $11 10. Rd1 Nb6 11. Bb3 Nbd5 12. Ne4 Nf5 13. Bd2 Nh4 (13... Be7 $11) 14. Rac1 (14. Nxh4 $16 Qxh4 15. Rac1) 14... Bb5 $14 15. Qe1 ({White should try} 15. Bc4 $14 Bc6 16. Nxh4 Qxh4 17. Bb3) 15... Nxf3+ $11 16. gxf3 Qd7 17. Nc5 (17. Nc3 $11) 17... Bxc5 $17 18. Rxc5 Bc6 19. Bxd5 Bxd5 20. Rdc1 c6 21. Qe3 f6 (21... Bxa2 $2 22. b3 $18) 22. f4 fxe5 (22... Bxa2 23. b3 $16) 23. dxe5 Qf7 (23... Bxa2 24. b3 Qf7 25. Qg3 $17) ({Black should play} 23... g5 $1 {[%cal Rg5f4] aiming for ...gxf4.} 24. fxg5 O-O-O) 24. R5c3 g5 25. fxg5 hxg5 {[%emt 0:00:08] And now ...0-0-0 would win. White is weak on the light squares} 26. Qg3 {[%emt 0:01:23] [#]} (26. Qxg5 $2 {loses.} Rg8 $19 (26... Bxa2 27. Rg3 $11) (26... Bxa2 27. Rg3 $11)) 26... O-O-O {[%emt 0:02:24] Black is more active.} ({Better is} 26... g4 $1 $17 {...0-0-0 is the strong threat.} 27. Bg5 Qf5) 27. Bxg5 $11 Rdg8 28. f4 (28. Kf1 $5) 28... Qf5 {[%emt 0:06:21][%cal Of5e4] Strongly threatening ...Qe4!} 29. b3 $2 {[%emt 0:00:37][%mdl 8192] [#]} (29. Re1 $11 {and White is okay.}) 29... Qe4 $1 $19 30. h4 {[%emt 0:00:40] [#]} (30. Rc4 $142 Bxc4 31. bxc4) 30... Rxh4 $3 {[%emt 0:00:24][%cal Og8g5][%mdl 512] ( -> ...Rxg5!)} 31. Kf2 {[%emt 0:01:09] [#]} Rxg5 $1 {[%emt 0:00:44][%mdl 512] Weighted Error Value: White=0.64/Black=0.14 (very precise) .  Loses game:     	White=1     	---        Mistake:       	White=5     	Black=3      Inaccurate:     	White=1     	---        OK:         	White=8     	Black=8      Best:        	White=2     	Black=3      Strong:       	---       	Black=1} 0-1

[Event "27th OIBM 2024"]
[Site "Gmund am Tegernsee"]
[Date "2024.10.27"]
[Round "2.5"]
[White "Jumabayev, Rinat"]
[Black "Bosselmann, Tom Linus"]
[Result "1-0"]
[ECO "A13"]
[WhiteElo "2577"]
[BlackElo "2182"]
[Annotator "TA"]
[PlyCount "129"]
[EventDate "2024.09.16"]
[EventType "swiss"]
[EventCountry "GER"]
[SourceTitle "playchess.com"]
[Source "ChessBase"]
[SourceQuality "1"]
[TimeControl "40/5400+30:1800+30"]

1. Nf3 Nf6 2. c4 e6 3. g3 d5 4. Bg2 d4 5. O-O c5 6. e3 Nc6 7. exd4 cxd4 8. d3 Bd6 {[%emt 0:00:45] A13: English Opening: 1...e6.} 9. Na3 e5 10. Re1 O-O 11. c5 Bc7 12. Nc4 Nd7 13. b4 Nxb4 14. Bg5 $146 ({Predecessor:} 14. Nfxe5 Nxe5 15. Nxe5 Re8 16. Qb3 Rxe5 17. Rxe5 Bxe5 18. Qxb4 Rb8 19. f4 Bf6 20. c6 {½-½ Paczuski,T (1996)-Borkowski,A (1775) Mazowiec-chT op 0910 2009 (8.9)}) 14... Qe8 (14... f6 {is interesting.} 15. Qb3 Nxc5 16. Qxb4 Nxd3 17. Qb3 Nxe1 18. Ncxe5+ Kh8) 15. Nd6 (15. Ncxe5 $5 Nxe5 16. Nxe5 Bxe5 17. Bf4 $14) 15... Bxd6 16. cxd6 Nc6 $1 17. Qb3 Kh8 18. a4 f6 19. Bc1 Nb6 20. Nd2 Be6 21. Qb5 $1 Nd8 22. Qxe8 $1 Rxe8 23. a5 Nd5 (23... Nd7 $1 $11) 24. Ba3 $14 Nc6 (24... h6 $142) 25. Rab1 Rab8 (25... Nxa5 $2 26. Rb5 $18) 26. d7 Red8 27. Bd6 Ra8 28. Rxb7 Nxa5 {[%emt 0:00:32] [#]} 29. Rb5 (29. Bxd5 $1 $16 Bxd5 30. Rc7 (30. Rb5 Rxd7 31. f4 Nb3 $17)) 29... Rxd7 $14 30. Bxe5 $1 ({Of course not} 30. Bxd5 Bxd5 31. Rxd5 Nb7 $11) 30... Nc6 31. Bxf6 $1 Bf7 32. Be5 Nxe5 33. Rxe5 Rad8 34. Nf3 Nc3 35. Ra5 Bg6 36. Bf1 h6 37. Re1 Rb7 38. Rea1 Nb5 39. Ne5 Be8 40. h4 Rb6 41. Bh3 Ra8 42. Bd7 Bxd7 43. Nxd7 Rb7 44. Ne5 Rb6 45. h5 a6 {[%emt 0:02:07] [#]} (45... Kh7 $16 {might work better.} 46. Nc4 Rb7) 46. Nc4 $1 $18 Rbb8 47. Rxa6 Rxa6 48. Rxa6 Nc3 49. Ne5 Re8 50. f4 Nd5 (50... Kh7 $142 51. Kg2 Nb5) 51. Rd6 $18 Nf6 52. g4 (52. Rxd4 Nxh5 53. Kf2 Nf6 $14) 52... Kg8 53. Rxd4 Ra8 54. Kf2 Rc8 55. Kf3 Ra8 56. Rd6 Re8 $2 (56... Kf8 57. g5 Nxh5) 57. Nd7 $18 Nh7 58. Nc5 Nf6 $2 (58... Kf7 59. d4 Kg8) 59. Ne4 $18 Nh7 60. d4 Ra8 61. g5 hxg5 62. fxg5 Ra1 63. g6 Nf8 64. Rd8 Rh1 65. Ng3 1-0

[Event "27th OIBM 2024"]
[Site "Gmund am Tegernsee"]
[Date "2024.10.27"]
[Round "2.6"]
[White "Geher, Koppany"]
[Black "Vogel, Roven"]
[Result "0-1"]
[ECO "B51"]
[WhiteElo "2175"]
[BlackElo "2559"]
[Annotator "TA"]
[PlyCount "84"]
[EventDate "2024.09.16"]
[EventType "swiss"]
[EventCountry "GER"]
[SourceTitle "playchess.com"]
[Source "ChessBase"]
[SourceQuality "1"]
[TimeControl "40/5400+30:1800+30"]

1. e4 c5 2. Nf3 d6 3. Bb5+ Nd7 4. a4 Ngf6 5. Nc3 a6 6. Be2 b6 7. d4 cxd4 8. Qxd4 {[%emt 0:00:06] White is slightly better.} Bb7 9. O-O e6 10. Rd1 Qc7 11. Be3 Ng4 12. Bg5 h6 13. Bh4 Nge5 14. h3 g5 15. Bg3 Be7 16. Rd2 h5 17. Rad1 Nxf3+ 18. Bxf3 Ne5 19. Be2 Rd8 (19... h4 $14 20. Bh2 O-O-O) 20. Qe3 h4 21. Bxe5 ({Better is} 21. Bh2 $16) 21... dxe5 $11 22. Bb5+ axb5 $17 23. Nxb5 Qc6 {[%emt 0:02:01] [#] Threatens to win with ...Rxd2.} 24. Rxd8+ Bxd8 25. Nd6+ Kf8 {[%emt 0:00:26] And now ...Be7 would win.} (25... Ke7 $2 26. Qxg5+ Kd7 27. Nxf7+ $18 (27. Nxb7+ Kc8 $18) (27. Nxb7+ Kc8 $18)) 26. Qf3 {[%emt 0:00:47] This move loses the game for White.} (26. Nxb7 $17 Be7 27. a5 (27. Nd8 Qc7 $17) 27... Qxb7 28. axb6) 26... Qc7 $19 27. Nxf7 (27. c4 $142 Kg7 28. Nb5) 27... Bxe4 28. Qxe4 (28. Rxd8+ $2 {perishes.} Qxd8 29. Nxd8+ Bxf3 30. gxf3 Ke7 31. Nc6+ Kd6 $19) 28... Kxf7 (28... Qxf7 $2 {loses.} 29. Rxd8+ Kg7 30. Qxe5+ Qf6 31. Qxf6+ Kxf6 32. Rxh8 $18) 29. Rd3 Be7 (29... Qxc2 $2 {too greedy.} 30. Rf3+ Kg7 31. Qxc2 $18) 30. Rc3 Qd6 31. Qf3+ (31. Rd3 {is the only way for White.} Qc7 32. Rc3) 31... Kg7 32. Rc6 Qd5 33. Rxb6 Rf8 (33... e4 $142 34. Qc3+ Bf6 35. Qc7+ Kg6) 34. Qxd5 exd5 {[%emt 0:00:02][%mdl 4096] Endgame. KRB-KR} 35. b4 {[%emt 0:00:48] Against Bc5} (35. Rc6 {is tougher.}) 35... Rc8 {[%emt 0:01:36] Black is clearly winning.} 36. a5 Rxc2 37. a6 Ra2 38. Rb7 Kf6 {[%emt 0:00:10] Hoping for ...Ra1+.} 39. a7 Ra1+ 40. Kh2 d4 {[%emt 0:02:48] [#] Strongly threatening ...d3.} 41. b5 Bc5 {[%emt 0:30:31][%cal Od4d3] ...d3! would now be deadly.} 42. b6 d3 {[%emt 0:00:43] Weighted Error Value: White=0.52/Black=0.10 (very precise) .  Mistake:       	White=6     	Black=2      Inaccurate:     	White=3     	Black=1      OK:         	White=11    	Black=11     Best:        	White=2     	Black=5} 0-1

[Event "27th OIBM 2024"]
[Site "Gmund am Tegernsee"]
[Date "2024.10.27"]
[Round "2.7"]
[White "Stremavicius, Titas"]
[Black "Khrapko, Marharyta"]
[Result "1-0"]
[ECO "A49"]
[WhiteElo "2541"]
[BlackElo "2168"]
[Annotator "TA"]
[PlyCount "73"]
[EventDate "2024.09.16"]
[EventType "swiss"]
[EventCountry "GER"]
[SourceTitle "playchess.com"]
[Source "ChessBase"]
[SourceQuality "1"]
[TimeControl "40/5400+30:1800+30"]

1. d4 Nf6 2. Nf3 g6 3. g3 Bg7 4. Bg2 d6 5. O-O O-O 6. b3 c5 7. Bb2 Nc6 8. d5 Nb4 9. c4 b5 10. a3 Na6 11. cxb5 Nc7 12. a4 Bb7 13. Nfd2 {[%emt 0:01:33] Threatening e4. The position is equal.} Nfxd5 14. Bxg7 Kxg7 15. Nc4 {[%emt 0:01:13] Strongly threatening Na5.} Rb8 16. Nba3 Nb4 17. Bxb7 Rxb7 18. Nc2 Nxc2 19. Qxc2 Ne6 20. f4 Kg8 (20... a6 $11 21. bxa6 Nd4) 21. e3 $14 Ng7 22. Rad1 Rd7 23. g4 {[%emt 0:10:34] White is much more active.} f5 24. h3 Ne8 25. gxf5 Rxf5 26. e4 Rh5 27. Rf3 e6 28. Qf2 (28. Rdd3 $14) 28... Nf6 $11 29. e5 dxe5 30. Rxd7 Nxd7 31. Qe3 Qc7 {[%emt 0:03:17] [#]} (31... Rf5 $11 {remains equal.}) 32. Qe4 $1 $16 {[%emt 0:01:13] Qc6 would now be deadly.} Rf5 $2 {[%emt 0:00:34] [#] This move loses the game for Black.} ({Wrong is} 32... exf4 $2 33. Qxe6+ Kh8 34. Qe8+ Kg7 35. Qe7+ Kh6 36. Nd6 $18) ({Black should play} 32... Qd8 $14) 33. Qc6 $1 $18 Qxc6 (33... Qd8 34. Rd3 (34. Qxe6+ Kf8 $18) 34... Qh4 35. Rxd7 (35. Qxd7 Qe1+ 36. Kh2 Qe2+ 37. Kh1 Qf1+ 38. Kh2 Qxf4+ 39. Rg3 Qf2+ 40. Rg2 Qf4+ 41. Kh1 Qf1+ 42. Kh2 Qf4+ 43. Kg1 Qc1+ 44. Kh2 Qf4+ $11) (35. Qxe6+ Kh8 $11) 35... Qg3+ 36. Qg2 Qxf4) 34. bxc6 Nb6 (34... e4 $142) 35. Nxb6 {[%emt 0:00:33] White is clearly winning.} ({Weaker is} 35. Nxe5 Nd5 $16) 35... axb6 36. c7 Rf8 37. Rd3 {[%emt 0:00:06] Weighted Error Value: White=0.10 (very precise) /Black=0.43.  Loses game:     	---       	Black=1      Mistake:       	White=1     	Black=4      Inaccurate:     	White=4     	Black=4      OK:         	White=7     	Black=5      Best:        	White=1     	Black=1      Strong:       	White=2     	---} ({Not} 37. fxe5 Rc8 $11) 1-0

[Event "27th OIBM 2024"]
[Site "Gmund am Tegernsee"]
[Date "2024.10.27"]
[Round "2.8"]
[White "Ciolek, Andreas"]
[Black "Amar, Elham"]
[Result "0-1"]
[ECO "E11"]
[WhiteElo "2173"]
[BlackElo "2540"]
[Annotator "TA"]
[PlyCount "140"]
[EventDate "2024.09.16"]
[EventType "swiss"]
[EventCountry "GER"]
[SourceTitle "playchess.com"]
[Source "ChessBase"]
[SourceQuality "1"]
[TimeControl "40/5400+30:1800+30"]

1. d4 Nf6 2. c4 e6 3. Nf3 d5 4. g3 Bb4+ 5. Bd2 Be7 6. Bg2 O-O 7. O-O Nbd7 8. Bc3 b6 9. cxd5 exd5 10. Bd2 {[%emt 0:00:09] The position is equal.} Re8 11. Nc3 Bb7 12. Bf4 Nf8 13. Ne5 (13. Rc1 $11 {feels stronger.}) 13... Ne6 $1 $15 14. Qa4 Bd6 15. Nd3 Nxf4 16. Nxf4 c6 17. b4 (17. e3 $11 {remains equal.}) 17... Bxf4 18. gxf4 Ne4 (18... Re6 $17 {White must now prevent ...Nh5.} 19. e3 Ne8) 19. Nxe4 $11 dxe4 20. e3 Re6 21. f3 $2 (21. Qc2 $11 {and White has nothing to worry.}) 21... exf3 $19 22. Rxf3 {[%emt 0:07:25] [#]} c5 $1 23. d5 Bxd5 (23... Qxd5 24. Rg3 Re4 25. Rd1 $16) 24. Rd1 {[%emt 0:02:24] And now bxc5 would win.} Rd6 $1 25. bxc5 bxc5 26. Rxd5 Rxd5 27. Rf1 {[%emt 0:00:10][%cal Oa4e4] [#]} Rd6 $1 28. Bxa8 Qxa8 {[%emt 0:00:03][%mdl 4096] Endgame. KQR-KQR} 29. f5 {[%emt 0:03:14] Prevents Rg6+} h6 30. f6 Qd8 ({Don't play} 30... Rxf6 31. Rxf6 gxf6 32. Kf2 $19) 31. Qxa7 Rxf6 $2 ({And not} 31... gxf6 32. Qxc5 Rd5 33. Qc6 $11) (31... Qc8 $19 32. h3 g6 (32... gxf6 $2 33. Rf3 $19) (32... Rxf6 $2 33. Rxf6 gxf6 34. Qa3 $19)) 32. Rxf6 $15 Qxf6 $19 {[%emt 0:00:02] KQ-KQ} 33. Qa8+ $1 Kh7 {[%emt 0:00:01] Strongly threatening ...Qg6+.} 34. Qe4+ g6 $1 35. Qc4 (35. a4 $15) 35... Kg7 36. a4 Qe5 37. e4 (37. Kf1 $17) 37... Qb2 38. Qxc5 (38. Kf1 $17 {was necessary.}) 38... Qa1+ 39. Kg2 Qxa4 40. Qe5+ Kh7 41. Qf4 Qc2+ 42. Kg3 Qc3+ 43. Kg2 Kg7 44. e5 (44. Qf2 $142) 44... Qc6+ 45. Kg3 g5 $1 46. Qd4 Qe6 47. h4 gxh4+ (47... Kg6 $19 48. hxg5 hxg5 49. Qd3+ Qf5 50. Qd6+ Kg7) 48. Kxh4 $15 Kg6 49. Qe4+ Qf5 50. Qc6+ Kh7 51. Qd5 ({Better is} 51. Qc4 $15) 51... Qf4+ $17 52. Kh3 {[%emt 0:00:07] [#]} Kg6 (52... h5 $1 $17 {aiming for ...Qg4+.} 53. Qd7 Kg7 (53... Qxe5 54. Qxf7+ Qg7 55. Qxg7+ Kxg7 56. Kh4 $11)) 53. Qd6+ {[%emt 0:03:52] [#]} (53. Qg2+ $15 Kh7 54. Qc2+ Kg7 55. Qg2+ Qg5 56. Qd5) 53... Kf5 (53... Kg7 $1 $17 {( -> ...Qf5+)} 54. Qc5 Kg6) 54. Qd7+ $11 Ke4 55. Qc6+ Kd3 56. Qa6+ Ke3 57. Qb6+ Kf3 58. Qc6+ Kf2 (58... Qe4 $5 59. Qf6+ $8 Qf4 60. Qc6+ Kf2 61. Qc2+ Ke1 62. Qc3+ Kf1 $11) 59. Qc2+ Ke1 60. Qb1+ Ke2 61. Qa2+ Ke3 62. Qb3+ Kd4 63. Qb6+ Kc4 64. Qa6+ Kb3 65. Qd3+ Kb2 66. Qb5+ Kc3 67. Qc6+ Kd2 68. Qd5+ Ke1 {[%emt 0:00:28] Hoping for ...Qf5+.} 69. Qa5+ Qd2 70. Qa1+ $2 (70. Qb6 $11) 70... Kf2 {[%emt 0:00:33] Weighted Error Value: White=0.25 (precise) /Black=0.22 (precise) .  Loses game:     	White=2     	---        Missed win:     	---       	Black=1      Mistake:       	White=8     	Black=4      Inaccurate:     	---       	Black=2      OK:         	White=21    	Black=21     Best:        	White=7     	Black=4      Strong:       	White=1     	Black=4      Brilliant:      	---       	Black=1} 0-1